AoeStats
← correntino

Golden Pit

503308752Analyzed
1v1 RM · 2mo ago on Aug 31, 2026· 42m 7s· 2 players
Game mode
Random Map
Map size
Tiny (2 player)
Population
200
Speed
Normal
Resources
Standard
Victory
Conquest
Starting age
Dark Age
Ending age
Imperial Age
RankedLock teamsTeams togetherTeam positionsShared explorationLock speedFull tech treeHidden civsTurbo modeCheats
Victory
Defeat
🇦🇺 Poles · Australia
842
+16
vs
🇦🇷 Teutons · Argentina
834
-16
correntino
2:00 Loom
9:45 Feudal Age
11:03 Wheelbarrow
11:16 Stone Mining
12:11 Double-Bit Axe
14:33 Horse Collar
18:53 Gold Mining
25:08 Castle Age
23:22 Bloodlines
24:30 Forging
24:12 Fletching
25:33 Scale Barding Armor
29:18 Hand Cart
32:52 Bodkin Arrow
32:57 Padded Archer Armor
32:37 Crossbowman
33:50 Chain Barding Armor
34:05 Iron Casting
33:31 Scale Mail Armor
32:55 Pikeman
36:27 Leather Archer Armor
37:12 Stone Shaft Mining
lachrymose_pigeon
4:20 Loom
12:56 Feudal Age
13:43 Double-Bit Axe
18:00 Castle Age
17:34 Stone Mining
29:29 Bloodlines
30:22 Forging
33:56 Iron Casting
35:05 Scale Mail Armor
37:08 Scale Barding Armor
41:17 Husbandry
44:04 Imperial Age
41:04 Light Cavalry
41:45 Fletching
Connection lost

Rejoining the realm…

Still unreachable

The connection could not be restored.

Session expired

The server has moved on; the page needs a fresh start.